 Dungeon Crawl Stone Soup version 0.26-b1-32-g5d43845318 (webtiles) character file.

Game seed: 4354981634739974494

36822 Arum the Fighter (level 14, -15/84 HPs)
             Began as a Formicid Fighter on Jan 11, 2021.
             Was an Elder of Cheibriados.
             Collided with a stone wall (17 damage)
             ... caused by a wretched star
             ... on level 2 of the Abyss.
             The game lasted 00:34:02 (18903 turns).

Arum the Fighter (Formicid Fighter)                Turns: 18903, Time: 00:34:02

Health: -15/84     AC: 21    Str: 34    XL:     14   Next: 25%
Magic:  13/15      EV:  7    Int: 12    God:    Cheibriados [****..]
Gold:   371        SH: 19    Dex: 19    Spells: 13/13 levels left

rFire    . . .     SeeInvis +   I - +1 lajatang (spect)
rCold    . . .     Faith    .   c - +1 kite shield
rNeg     . . .     Spirit   .   K - +0 crystal plate armour
rPois    .         Reflect  +   (helmet unavailable)
rElec    .         Harm     .   J - +0 cloak
rCorr    .         Rampage  .   M - +2 pair of gloves
Will     +....                  v - +0 pair of boots
Stlth    ..........             G - amulet of reflection
HPRegen  0.24/turn              (no ring)
MPRegen  0.14/turn              P - +6 ring of strength

@: very slow
A: permanent stasis, dig shafts and tunnels, four strong arms, antennae 3,
[clumsy 2], [deformed body], [dopey 2], [frail 3], [low mp 2], [weak 2], [no
potion heal 2], [subdued magic 2]
a: Dig, Shaft Self, Renounce Religion, Bend Time, Temporal Distortion, Slouch


You were on level 2 of the Abyss.
You worshipped Cheibriados.
Cheibriados was greatly pleased with you.
You visited 2 branches of the dungeon, and saw 16 of its levels.
You visited the Abyss 1 time.
You also visited: Sewer, Ossuary and Bailey.

You collected 1335 gold pieces.
You spent 964 gold pieces at shops.

Inventory:

Hand Weapons
 a - a +2 quarterstaff
 I - a +1 spectral lajatang (weapon)
Missiles
 C - 2 silver javelins
Armour
 c - a +1 kite shield (worn)
 n - +0 swamp dragon scales
 v - a +0 pair of boots (worn)
 J - a +0 cloak (worn)
 K - a +0 crystal plate armour (worn)
 M - a +2 pair of gloves (worn)
Jewellery
 j - an uncursed ring of flight
 E - an uncursed ring of fire
 G - an amulet of reflection (around neck)
 P - a +6 ring of strength (right hand)
Wands
 h - a wand of acid (5)
 l - a wand of enslavement (10)
 w - a wand of disintegration (1)
 y - a wand of polymorph (22)
 B - a wand of iceblast (22)
 D - a wand of paralysis (9)
Scrolls
 e - 2 scrolls of immolation
 f - 2 scrolls of amnesia
 g - 10 scrolls of remove curse
 k - 3 scrolls of magic mapping
 p - 2 scrolls of noise
 u - 2 scrolls of enchant armour
 F - 2 scrolls of fear
 H - 4 scrolls of identify
 L - a scroll of holy word {unknown}
 N - a scroll of fog
Potions
 b - 3 potions of heal wounds
 d - 2 potions of might
 i - 5 potions of magic
 m - 3 potions of ambrosia
 o - 4 potions of attraction
 q - 5 potions of flight
 r - a potion of invisibility
 s - 5 potions of resistance
 t - 3 potions of brilliance
 x - 10 potions of curing
 z - 2 potions of lignification
 A - 6 potions of mutation


   Skills:
 + Level 14.2 Fighting
 + Level 11.6 Staves
 + Level 12.1 Armour
 - Level 9.0 Shields
 - Level 7.8 Invocations
 + Level 9.5 Evocations


You had 13 spell levels left.
You didn't know any spells.
Your spell library contained the following spells:

 Spells                   Type           Power        Failure   Level
 Beastly Appendage        Tmut           0%           99%         1
 Sandblast                Erth           0%           99%         1
 Summon Small Mammal      Summ           0%           99%         1
 Call Imp                 Summ           0%           100%        2
 Ensorcelled Hibernation  Hex/Ice        0%           100%        2
 Passwall                 Tmut/Erth      0%           100%        2
 Wereblood                Tmut           0%           100%        2
 Call Canine Familiar     Summ           0%           100%        3
 Confusing Touch          Hex            0%           100%        3
 Frozen Ramparts          Ice            0%           100%        3
 Gell's Gravitas          Tloc           0%           100%        3
 Spider Form              Tmut/Pois      0%           100%        3
 Stone Arrow              Conj/Erth      0%           100%        3
 Summon Guardian Golem    Hex/Summ       0%           100%        3
 Ice Form                 Ice/Tmut       0%           100%        4
 Petrify                  Tmut/Erth      0%           100%        4
 Summon Ice Beast         Ice/Summ       0%           100%        4
 Summon Lightning Spire   Summ/Air       0%           100%        4
 Blade Hands              Tmut           0%           100%        5
 Lee's Rapid Deconstruct  Erth           0%           100%        5
 Lightning Bolt           Conj/Air       0%           100%        5
 Metabolic Englaciation   Hex/Ice        0%           100%        5
 Yara's Violent Unravell  Hex/Tmut       0%           100%        5


Dungeon Overview and Level Annotations

Branches:
Dungeon (15/15)            Temple (1/1) D:4            Lair (0/6) D:8
    Orc (0/2) D:11         Vaults (0/5) D:13          Sewer (visited)
Ossuary (visited)          Bailey (visited)
 Depths: D:15

Altars:
Ashenzari
Cheibriados
Dithmenos
Elyvilon
Fedhas
Gozag
Hepliaklqana
Kikubaaqudgha
Makhleb
Nemelex Xobeh
Okawaru
Qazlal
Ru
Sif Muna
Trog
Uskayaw
Vehumet
Wu Jian
Xom
Yredelemnul
Zin
The Shining One
Beogh

Shops:
D:4 *   D:7 }**}?   D:8 ?   D:11 [*

Annotations:
D:4 3 runed translucent doors, p0werm0de's ghost, amateur MiFi
D:8 1 runed translucent door, Azzok's ghost, novice DsBe


Innate Abilities, Weirdness & Mutations

You cannot be hasted, slowed, berserked, paralysed or teleported.
You can dig through walls and to a lower floor.
Your four strong arms can wield two-handed weapons with a shield.
You have a pair of large antennae on your head. (SInv)
[You are very clumsy. (Dex -4)]
[Armour fits poorly on your strangely shaped body.]
[You are very dopey. (Int -4)]
[You are extremely frail. (-30% HP)]
[Your magical capacity is very low. (-20% MP)]
[You are very weak. (Str -4)]
[Potions are poor at restoring your health.]
[Your spells are easier to cast, but less powerful.]


Message History

The wretched star is almost destroyed.
The wretched star pulses with an eldritch light!
You feel stupid. x2
Your system partially rejects the healing effects of potions.
Your system mostly rejects the healing effects of potions.
Unknown command.
You closely miss the wretched star.
The wretched star is almost destroyed.
You block the flying skull's attack.
Unknown command.
You hit the wretched star but do no damage.
You draw out your weapon's spirit!
The wretched star is almost destroyed.
You block the flying skull's attack.
The wretched star glows turbulently.
The lance of force hits you!
* * * LOW HITPOINT WARNING * * *
You are knocked back by the lance of force.
You slam into the stone wall!
You die...

# . #. . . #.#
##. #....#
..#§## ## ## ..
#...# § #... .
####z.# #.....#
.# ##
##@*##.......
###.
....#...........
### ## #
.#(....#...# #..
. . # ##.#....#
#... . #
.#....##.∩# #.
##. . #.# .#.
#.# # #. # # #
#..# ..# . #. ##
### .. . ..


You could see a wretched star, a flying skull and a friendly +1 spectral
lajatang (summoned).

Vanquished Creatures
  A storm dragon (shapeshifter) (D:14)
  2 very ugly things (Abyss:2)
  3 hydras
  2 two-headed ogres
  2 dancing weapons (D:13)
  A centaur warrior (D:14)
  A glowing orange brain (D:8)
  2 unseen horrors
  An orc knight (Bailey)
  11 ugly things
  A wolf spider (D:14)
  An oklob plant (D:14)
  2 deep elf magi
  4 cyclopes
  An apocalypse crab (Abyss:2)
  Joseph (D:8)
  A gargoyle (D:11)
  3 centaur skeletons
  Maggie (D:8)
  A komodo dragon (D:14)
  A hellion (Abyss:2)
  A freezing wraith (D:14)
  A hornet (D:12)
  7 trolls
  Grinder (D:3)
  4 slime creatures (D:12)
  2 flying skulls (Abyss:2)
  3 shadows
  A wraith (D:10)
  26 yaks
  A wyvern (D:12)
  A steam dragon (D:11)
  A large abomination (Abyss:2)
  An acid dragon (D:13)
  A water moccasin (D:7)
  2 sky beasts
  An ice beast (D:11)
  9 orc warriors
  4 phantoms
  2 black bears (D:8)
  An eye of draining (D:11)
  2 necrophages
  3 wolves
  9 ogres
  6 centaurs
  5 electric eels
  2 big kobolds
  7 bullfrogs
  A wyvern zombie (D:13)
  A gnoll sergeant (D:10)
  A water moccasin zombie (D:8)
  6 scorpions
  3 killer bees (D:8)
  6 wights
  A howler monkey (D:4)
  A quasit (D:12)
  2 gnoll shamans (D:10)
  9 hounds
  5 bullfrog skeletons
  A bullfrog zombie (D:8)
  Crazy Yiuf (D:6)
  4 orc priests
  3 jellies
  5 iguanas
  7 orc wizards
  13 worker ants
  A killer bee zombie (D:8)
  A big kobold zombie (Ossuary)
  A hound zombie (D:5)
  4 hound skeletons
  8 mummies (Ossuary)
  21 gnolls
  A howler monkey skeleton (D:11)
  10 adders
  A shadow imp (D:8)
  A white imp (D:7)
  An ufetubus (D:6)
  3 oozes (Sewer)
  7 worms
  A dart slug (D:5)
  8 leopard geckos
  46 orcs
  13 bats
  7 giant cockroaches
  A gnoll zombie (Ossuary)
  14 goblins
  18 hobgoblins
  8 jackals
  30 kobolds
  5 quokkas
  2 ball pythons
  5 frilled lizards
  A hobgoblin zombie (Ossuary)
  4 kobold zombies (Ossuary)
  An orc zombie (Ossuary)
  A quokka zombie (D:6)
  12 rats
  2 rat zombies (D:8)
456 creatures vanquished.

Vanquished Creatures (collateral kills)
  A wolf (D:8)
1 creature vanquished.

Vanquished Creatures (others)
  6 plants
6 creatures vanquished.

Grand Total: 463 creatures vanquished

Notes
Turn   | Place    | Note
-------+----------+-------------------------------------------
     0 | D:1      | Arum the Formicid Fighter began the quest for the Orb.
     0 | D:1      | Reached XP level 1. HP: 18/18 MP: 1/1
    96 | D:1      | Reached XP level 2. HP: 21/24 MP: 2/2
   458 | D:1      | Reached XP level 3. HP: 27/29 MP: 3/3
  1151 | D:2      | Reached XP level 4. HP: 35/37 MP: 4/4
  1516 | D:2      | Reached skill level 4 in Fighting
  1516 | D:2      | Reached XP level 5. HP: 42/42 MP: 5/5
  2352 | D:3      | Found a glowing drain.
  2363 | Sewer    | Entered a sewer
  3291 | Sewer    | Reached XP level 6. HP: 48/49 MP: 6/6
  3481 | D:3      | Found a faded altar of an unknown god.
  3752 | D:3      | Reached skill level 5 in Shields
  3801 | D:3      | Noticed Grinder
  3850 | D:3      | HP: 1/49 [Grinder (2)]
  3857 | D:3      | Killed Grinder
  3858 | D:3      | Reached skill level 5 in Fighting
  3858 | D:3      | Reached XP level 7. HP: 15/56 MP: 7/7
  4132 | D:3      | Reached skill level 5 in Armour
  4330 | D:4      | Found a runed translucent gate.
  4330 | D:4      | Found a runed translucent gate.
  4330 | D:4      | Found a runed translucent gate.
  4337 | D:4      | Noticed p0werm0de's ghost (amateur MiFi)
  4390 | D:4      | Found a staircase to the Ecumenical Temple.
  4447 | Temple   | Entered the Ecumenical Temple
  4686 | Temple   | Became a worshipper of Cheibriados the Contemplative
  4922 | D:4      | Found Luas's Assorted Antiques.
  4929 | D:4      | Bought a scroll labelled PIPLY JIMMEDE for 27 gold pieces
  4929 | D:4      | Bought a scroll labelled OLIUL OXYSAE for 27 gold pieces
  4929 | D:4      | Bought a scroll labelled ZUCESHRIFI for 27 gold pieces
  4929 | D:4      | Bought a scroll labelled BORACE NUFUE for 27 gold pieces
  4929 | D:4      | Bought a scroll labelled MAC HYFFOULECK for 27 gold pieces
  4929 | D:4      | Bought a scroll labelled RIYVEPOFRA for 27 gold pieces
  4929 | D:4      | Bought a scroll labelled MYOVEIPREAJA for 27 gold pieces
  5409 | D:5      | Entered Level 5 of the Dungeon
  5629 | D:5      | Reached XP level 8. HP: 62/64 MP: 8/8
  5637 | D:5      | Found an iron altar of Okawaru.
  5822 | D:5      | Found a white marble altar of Elyvilon.
  5831 | D:5      | Reached * piety under Cheibriados
  5832 | D:5      | Reached skill level 6 in Fighting
  5857 | D:5      | Found a bloodstained altar of Trog.
  5858 | D:5      | Found an opulent altar of Gozag.
  6265 | D:5      | Found a burning altar of Makhleb.
  6265 | D:5      | Found a sparkling altar of Nemelex Xobeh.
  6400 | D:6      | Reached skill level 5 in Staves
  6526 | D:6      | Reached skill level 9 in Fighting
  6526 | D:6      | Reached XP level 9. HP: 77/77 MP: 8/14
  6901 | D:6      | Found a runed translucent door.
  6902 | D:6      | Noticed Crazy Yiuf
  6909 | D:6      | Killed Crazy Yiuf
  7085 | D:7      | Found Ynnuhiu's Gadget Shop.
  7253 | D:7      | Found a hazy altar of Hepliaklqana.
  7300 | D:7      | Found Coigothe's General Store.
  7308 | D:7      | Bought a potion of might for 48 gold pieces
  7308 | D:7      | Bought a scroll of identify for 24 gold pieces
  7631 | D:7      | Found Xogocu's Assorted Antiques.
  7643 | D:7      | Bought a scroll labelled AQOOTOEPLI for 23 gold pieces
  7667 | D:7      | Found Hulofoaxt's Gadget Shop.
  7984 | D:7      | Found Ratyosah's Magic Scroll Shoppe.
  8148 | D:8      | Found a runed translucent door.
  8148 | D:8      | Found a shimmering altar of Xom.
  8148 | D:8      | Noticed Azzok's ghost (novice DsBe)
  8148 | D:8      | Noticed a +1 dagger of chaos
  8164 | D:8      | Reached skill level 10 in Fighting
  8194 | D:8      | Found Uraerat's Magic Scroll Emporium.
  8201 | D:8      | Reached ** piety under Cheibriados
  8202 | D:8      | Reached XP level 10. HP: 70/85 MP: 15/15
  8206 | D:8      | Noticed Maggie
  8220 | D:8      | Killed Maggie
  8255 | D:8      | Noticed a two-headed ogre
  8258 | D:8      | Noticed a glowing orange brain
  8258 | D:8      | a two-headed ogre changed into a glowing orange brain
  8273 | D:8      | Noticed Erica
  8279 | D:8      | Killed a glowing orange brain
  8280 | D:8      | Noticed Erica
  8280 | D:8      | Erica changed into Erica the lindwurm
  8281 | D:8      | Noticed Erica
  8281 | D:8      | Erica the lindwurm changed into Erica the cyclops
  8289 | D:8      | Killed Erica the cyclops
  8304 | D:8      | Found a sand-covered staircase.
  8313 | Ossuary  | Entered an ossuary
  8858 | D:8      | Noticed Joseph
  8876 | D:8      | Killed Joseph
  9183 | D:8      | Reached *** piety under Cheibriados
  9575 | D:8      | Reached XP level 11. HP: 39/92 MP: 16/16
  9838 | D:8      | Found a staircase to the Lair.
 10160 | D:8      | Reached skill level 11 in Fighting
 10391 | D:9      | Found a basalt altar of Yredelemnul.
 10863 | D:9      | Reached **** piety under Cheibriados
 10918 | D:9      | Noticed a two-headed ogre
 10925 | D:9      | Killed a two-headed ogre
 11459 | D:10     | Entered Level 10 of the Dungeon
 11521 | D:10     | Got a dazzling ring mail
 11524 | D:10     | Identified the +2 ring mail of Cheibriados's Scorn {rF+
                  | Int-2 Dex+3} (You found it on level 10 of the Dungeon)
 12345 | D:10     | Reached ***** piety under Cheibriados
 12588 | D:11     | Noticed a white ugly thing
 12592 | D:11     | Killed a white ugly thing
 12600 | D:11     | Found Houghup's General Store.
 12637 | D:11     | Found a flagged portal.
 12669 | Bailey   | Entered a bailey
 12877 | Bailey   | Noticed an orc knight
 13073 | Bailey   | Killed an orc knight
 13074 | Bailey   | Reached skill level 12 in Fighting
 13298 | D:11     | Bought a scroll of identify for 28 gold pieces
 13298 | D:11     | Bought a scroll of identify for 28 gold pieces
 13384 | D:7      | Bought a scroll of acquirement for 624 gold pieces
 13388 | D:7      | Acquired a +0 crystal plate armour
 13402 | D:7      | Acquired a +1 spectral lajatang
 13519 | D:11     | Noticed a cyclops
 13522 | D:11     | Reached XP level 12. HP: 102/102 MP: 17/17
 13683 | D:11     | Found a roughly hewn altar of Beogh.
 13683 | D:11     | Found a staircase to the Orcish Mines.
 13936 | D:11     | Reached ****** piety under Cheibriados
 13974 | D:11     | Noticed a two-headed ogre
 13979 | D:11     | Killed a two-headed ogre
 14101 | D:11     | Noticed a five-headed hydra
 14113 | D:11     | Killed a five-headed hydra
 14375 | D:11     | Found a snail-covered altar of Cheibriados.
 14377 | D:11     | Found Cheibriados's Comfort Zone.
 15019 | D:12     | Reached skill level 10 in Armour
 15024 | D:12     | Noticed an unseen horror
 15036 | D:12     | Killed an unseen horror
 15120 | D:12     | Identified the cursed +1 robe of Circular Logic {+Fly rN+++
                  | Slay-2}
 15170 | D:12     | Reached skill level 10 in Staves
 15276 | D:12     | Reached skill level 13 in Fighting
 15383 | D:12     | Reached XP level 13. HP: 111/111 MP: 18/18
 16041 | D:13     | Found a sparkling altar of Nemelex Xobeh.
 16129 | D:13     | Found a gate to the Vaults.
 16401 | D:13     | Noticed a five-headed hydra
 16410 | D:13     | Killed a 12-headed hydra
 16993 | D:14     | Found a bloodstained altar of Trog.
 16993 | D:14     | Noticed a five-headed hydra
 16999 | D:14     | Killed a seven-headed hydra
 17229 | D:14     | Noticed a centaur warrior
 17236 | D:14     | Killed a centaur warrior
 18035 | D:14     | Noticed a ghost moth
 18036 | D:14     | a ghost moth changed into a death yak
 18037 | D:14     | Noticed a storm dragon
 18037 | D:14     | a death yak changed into a storm dragon
 18042 | D:14     | Killed a storm dragon
 18166 | D:14     | Identified the Disquisition on Snow and Confrontation
 18297 | D:14     | Found a blossoming altar of Fedhas.
 18551 | D:15     | Entered Level 15 of the Dungeon
 18568 | D:14     | Reached skill level 14 in Fighting
 18568 | D:14     | Reached XP level 14. HP: 120/120 MP: 19/19
 18626 | D:15     | Cast into level 2 of the Abyss (a wizard)
 18769 | Abyss:2  | Noticed a white very ugly thing
 18770 | Abyss:2  | Noticed a white very ugly thing
 18781 | Abyss:2  | Killed a white very ugly thing
 18783 | Abyss:2  | Killed a brown very ugly thing
 18903 | Abyss:2  | HP: 2/84 [wretched star/lance of force (16)]
 18903 | Abyss:2  | Collided with a stone wall

Illustrated notes

Levels and vault maps discovered:
D:1:      co_arrival_random_square_maze, layout_loops_ring, serial_bayou,
          serial_bayou_pond_d, serial_bayou_pond_d, serial_bayou_lagoon_b,
          serial_bayou_shore_b
D:2:      layout_loops_corners, minivault_5, kennysheep_generic_room_7
D:3:      layout_basic, chequers_ecumenical_altar_simple,
          cheibrodos_sewer_entry_sluice, uniq_grinder
D:4:      layout_basic, minmay_temple_entry_arrows, serial_shops,
          nicolae_shop_overgrown_old_shop, gammafunk_ghost_necromancy,
          minmay_puff
D:5:      layout_cave_pods, chequers_temple_overflow_statue_of_worship,
          marbit_many_paths, gammafunk_temple_overflow_wave
D:6:      layout_rooms, uniq_crazy_yiuf_cottage
D:7:      layout_gridville, lemuel_doored_altar, serial_shops, shop,
          kennysheep_little_box, shop, shop_statue, nicolae_shop_behind_doors
D:8:      layout_loops_ring, erik_lair_island, enter_ossuary_4, serial_shops,
          shop, ebering_ghost_xom, grunt_ministairs_1, uniq_joseph, uniq_erica,
          uniq_maggie
D:9:      layout_roguey, lemuel_crystal_altar
D:10:     layout_cave_pods, serial_gnoll_camp, gnoll_camp_mini_hut,
          gnoll_camp_mini_loothouse, gnoll_camp_mini_basic, gnoll_camp_mini_hut,
          st_stairs_12, serial_bayou_lake_a
D:11:     layout_basic, david_orc_5, serial_shops, nicolae_shop_stone,
          enter_bailey_5, chequers_garden, minmay_shop_chei
D:12:     layout_cave_pools
D:13:     layout_loops_cross, erik_vaults_1, basic_altar
D:14:     minmay_mutant_horseshoe, layout_long_grid, basic_altar,
          hangedman_abyss_or_decor_stabs, tgw_fedhas
D:15:     grunt_enter_depths_giant_problem, layout_cave_pools,
          chequers_serial_rivers_room_b, serial_park, serial_park_tiny_pond,
          serial_park_paths [serial_park_minivault_5x5_5], serial_park_square1
          [serial_park_minivault_5x5_6], grunt_ministairs_8, uniq_agnes,
          uniq_josephine
Temple:   eino_temple_water
Abyss:2:  base:
D:13

Skill      XL: |  1  2  3  4  5  6  7  8  9 10 11 12 13 14 |
---------------+-------------------------------------------+-----
Shields        | 4 5 6 8 9 |  9.0
Fighting       | 4 5 9 10 12 13 14 | 14.2
Staves         | 3 4 5 7 8 10 11 | 11.6
Armour         | 4 5 6 8 10 11 12 | 12.1
Invocations    | 7 |  7.8
Evocations     | 7 9 |  9.5

Action                   |  1- 3 |  4- 6 |  7- 9 | 10-12 | 13-15 || total
-------------------------+-------+-------+-------+-------+-------++-------
Melee: Quarterstaff      |    92 |   253 |   265 |   539 |       ||  1149
       Lajatang          |       |       |       |   171 |   218 ||   389
Invok: Slouch            |       |       |       |     3 |     8 ||    11
 Abil: Dig               |       |     3 |     5 |    11 |     4 ||    23
Evoke: Wand              |       |       |       |    14 |    13 ||    27
  Use: Potion            |       |     4 |     1 |     2 |     1 ||     8
       Scroll            |       |       |    26 |     6 |     1 ||    33
 Stab: Paralysed         |       |       |       |     7 |       ||     7
       Sleeping          |       |       |       |     1 |       ||     1
       Distracted        |       |       |       |     3 |     6 ||     9
       Betrayed ally     |       |       |       |       |     1 ||     1
       Petrified         |       |       |       |       |     2 ||     2
Armor: Scale mail        |    26 |   127 |    91 |     2 |       ||   246
       Swamp dragon scal |       |       |       |    95 |       ||    95
       Ring mail         |       |       |       |    49 |       ||    49
       Crystal plate arm |       |       |       |    71 |    96 ||   167
Dodge: Dodged            |    23 |   109 |    79 |   208 |    45 ||   464
Block: Kite shield       |    40 |   183 |   172 |   560 |   146 ||  1101
       Reflection        |       |       |       |       |     2 ||     2
